 Dungeon Crawl Stone Soup version 0.29-a0-330-g52719c12eb (webtiles) character file.

Game seed: 7757118932705021189

1668027 Charly the Imperceptible (level 27, 128/222 HPs)
             Began as a Gnoll Wanderer on Apr 19, 2022.
             Was the Champion of Cheibriados.
             Escaped with the Orb
             ... and 3 runes!
             The game lasted 04:54:52 (68624 turns).

Charly the Imperceptible (Gnoll Wanderer)          Turns: 68624, Time: 04:54:52

Health: 128/222    AC: 38    Str: 27    XL:     27
Magic:  41/46      EV: 35    Int: 44    God:    Cheibriados [******]
Gold:   624        SH: 28    Dex: 34    Spells: 5/64 levels left

rFire   + + +      SeeInvis .   b - +8 autumn katana {vorpal, manifold assault}
rCold   + . .      Faith    .   N - +5 kite shield {rC+}
rNeg    + . .      Spirit   .   i - +8 fire dragon scales
rPois   +          Reflect  .   s - +2 hat
rElec   .          Harm     .   S - +2 cloak {Will+}
rCorr   +          Rampage  .   y - +2 pair of gloves
Will    ++++.                   G - +2 pair of boots {Fly}
Stlth   +++.......              P - amulet of Venarymmu {RegenMP rN+ Int+4 Slay+3}
HPRegen 0.47/turn               K - ring "Eroiw" {rF+ Will+ rCorr Int+5}
MPRegen 0.70/turn               c - ring "Bezil" {rPois rC+ EV+4 Dex+4}

@: flying, studying 2 skills, very slow
A: fangs 1, strong nose, distributed training, horns 1, iridescent scales 1,
large bone plates 1, dopey 1
0: Orb of Zot
}: 3/15 runes: decaying, serpentine, slimy
a: Renounce Religion, Bend Time, Temporal Distortion, Slouch, Step From Time


You escaped.
You worshipped Cheibriados.
Cheibriados was exalted by your worship.
You visited 11 branches of the dungeon, and saw 53 of its levels.
You visited 1 bazaar.
You also visited: Sewer, Bailey, Gauntlet, Ice Cave and Volcano.

You collected 8422 gold pieces.
You spent 7798 gold pieces at shops.

Inventory:

Hand Weapons
 a - the +8 arc blade {discharge, rElec}
   (You found it in an ice cave)

   It occasionally unleashes powerful arcs of lightning upon striking a foe.
   These may arc to other adjacent creatures (including the wielder, but dealing
   reduced damage to them) before grounding out.
   rElec:     It insulates you from electricity.
 b - the +8 autumn katana (weapon) {vorpal, manifold assault}
   (You found it on level 5 of the Pits of Slime)

   It sometimes launches melee attacks against multiple visible enemies.
Missiles
 e - 8 throwing nets
 I - 14 curare-tipped darts
 M - 24 atropa-tipped darts
 Y - 15 silver javelins
Armour
 i - +8 fire dragon scales (worn)
 s - a +2 hat (worn)
 y - a +2 pair of gloves (worn)
 G - a +2 pair of boots of flying (worn)
 N - a +5 kite shield of cold resistance (worn)
 S - a +2 cloak of willpower (worn)
Jewellery
 c - the ring "Bezil" (right hand) {rPois rC+ EV+4 Dex+4}
   (You bought it in a shop on level 3 of the Snake Pit)

   [ring of evasion]

   EV:        It affects your evasion (+4).
   Dex:       It affects your dexterity (+4).
   rC:        It protects you from cold.
   rPois:     It protects you from poison.
 m - the ring "Lerirr" {rPois Will+ AC+4}
   (You found it on level 2 of the Lair of Beasts)

   [ring of protection]

   AC:        It affects your AC (+4).
   rPois:     It protects you from poison.
   Will:      It increases your willpower.
 n - the ring "Peopsa" {*Slow rC+ rN+ Int+3 Dex+6}
   (You bought it in a shop on level 2 of the Vaults)

   [ring of dexterity]

   Int:       It affects your intelligence (+3).
   Dex:       It affects your dexterity (+6).
   rC:        It protects you from cold.
   rN:        It protects you from negative energy.
   *Slow:     It may slow you when you take damage.
 K - the ring "Eroiw" (left hand) {rF+ Will+ rCorr Int+5}
   (You bought it in a shop on level 3 of the Depths)

   [ring of protection from fire]

   Int:       It affects your intelligence (+5).
   rF:        It protects you from fire.
   rCorr:     It protects you from acid and corrosion.
   Will:      It increases your willpower.
 P - the amulet of Venarymmu (around neck) {RegenMP rN+ Int+4 Slay+3}
   (You found it on level 5 of the Pits of Slime)

   [amulet of magic regeneration]

   It increases your rate of magic regeneration.
   Int:       It affects your intelligence (+4).
   Slay:      It affects your accuracy & damage with ranged weapons and melee
   (+3).
   rN:        It protects you from negative energy.
Wands
 p - a wand of iceblast (16)
 r - a wand of mindburst (39)
 D - a wand of charming (29)
 H - a wand of digging (25)
 U - a wand of acid (23)
 Z - a wand of paralysis (9)
Scrolls
 j - 10 scrolls of summoning
 l - 6 scrolls of blinking
 o - 6 scrolls of fog
 x - 26 scrolls of teleportation
 C - 9 scrolls of fear
 F - a scroll of amnesia
 L - 15 scrolls of immolation
 O - 2 scrolls of silence
 R - 7 scrolls of vulnerability
 W - 5 scrolls of magic mapping
 X - 3 scrolls of holy word
Potions
 d - 9 potions of attraction
 f - 2 potions of might
 g - 2 potions of magic
 h - 29 potions of curing
 k - 6 potions of mutation
 q - 6 potions of invisibility
 t - 10 potions of heal wounds
 u - 9 potions of lignification
 w - 4 potions of berserk rage
 z - 4 potions of cancellation
 A - 9 potions of resistance
 B - 6 potions of ambrosia
 Q - 5 potions of brilliance
Miscellaneous
 v - a tin of tremorstones (2/2)
 E - a phantom mirror
 J - a condenser vane
 T - a lightning rod (4/4)
 V - a box of beasts


   Skills:
 + Level 19.3 Fighting
 + Level 18.4 Short Blades
 + Level 18.4 Long Blades
 + Level 18.4 Axes
 + Level 18.4 Maces & Flails
 + Level 18.4 Polearms
 + Level 19.1 Staves
 + Level 18.4 Slings
 + Level 18.4 Bows
 + Level 18.4 Crossbows
 + Level 18.9 Throwing
 + Level 18.9 Armour
 + Level 18.4 Dodging
 + Level 21.7 Stealth
 + Level 18.4 Shields
 + Level 18.4 Unarmed Combat
 + Level 19.0 Spellcasting
 + Level 15.6 Conjurations
 + Level 15.6 Hexes
 + Level 15.6 Summonings
 + Level 15.6 Necromancy
 + Level 15.6 Translocations
 + Level 15.6 Transmutations
 + Level 15.6 Fire Magic
 + Level 15.6 Ice Magic
 + Level 15.6 Air Magic
 + Level 15.6 Earth Magic
 + Level 15.6 Poison Magic
 + Level 19.9 Invocations
 + Level 18.4 Evocations


You had 5 spell levels left.
You knew the following spells:

 Your Spells              Type           Power      Damage    Failure   Level
a - Ozocubu's Armour      Ice            100%       N/A       0%          3
b - Blink                 Tloc           100%       N/A       0%          2
c - Manifold Assault      Tloc           100%       N/A       1%          5
d - Enfeeble              Hex            55%        N/A       1%          7
e - Summon Mana Viper     Hex/Summ       100%       N/A       1%          5
f - Cause Fear            Hex            55%        N/A       1%          4
g - Animate Armour        Summ/Erth      100%       N/A       1%          4
h - Starburst             Conj/Fire      55%        6d15      1%          6
i - Ignite Poison         Fire/Tmut/Pois 100%       N/A       0%          3
l - Lesser Beckoning      Tloc           100%       N/A       0%          3
t - Tukima's Dance        Hex            100%       N/A       0%          3
w - Wereblood             Tmut           100%       N/A       0%          2
z - Irradiate             Conj/Tmut      55%        3d31      1%          5
P - Passwall              Tmut/Erth      91%        N/A       0%          2
Q - Silence               Hex/Air        55%        N/A       1%          5

Your spell library contained the following spells:

 Spells                   Type           Power      Damage    Failure   Level
 Beastly Appendage        Tmut           100%       N/A       0%          1
 Foxfire                  Conj/Fire      100%       2x1d9     0%          1
 Magic Dart               Conj           100%       1d8       0%          1
 Sandblast                Erth           100%       2d20      0%          1
 Shock                    Conj/Air       100%       1d9       0%          1
 Slow                     Hex            100%       N/A       0%          1
 Corpse Rot               Necr/Air       100%       N/A       0%          2
 Ensorcelled Hibernation  Hex/Ice        100%       N/A       0%          2
 Poisonous Vapours        Pois/Air       100%       N/A       0%          2
 Searing Ray              Conj           100%       2d8       0%          2
 Static Discharge         Conj/Air       100%       N/A       0%          2
 Confusing Touch          Hex            100%       N/A       0%          3
 Conjure Flame            Conj/Fire      100%       6-21      0%          3
 Dazzling Flash           Conj/Hex       100%       N/A       0%          3
 Gell's Gravitas          Tloc           100%       N/A       0%          3
 Inner Flame              Hex/Fire       100%       N/A       0%          3
 Mephitic Cloud           Conj/Pois/Air  100%       N/A       0%          3
 Portal Projectile        Hex/Tloc       100%       N/A       0%          3
 Spider Form              Tmut/Pois      100%       N/A       0%          3
 Stone Arrow              Conj/Erth      100%       3d13      0%          3
 Swiftness                Air            100%       N/A       0%          3
 Teleport Other           Tloc           100%       N/A       0%          3
 Vampiric Draining        Necr           100%       2d13      0%          3
 Airstrike                Air            55%        N/A       1%          4
 Anguish                  Hex/Necr       55%        N/A       1%          4
 Flame Wave               Conj/Fire      100%       2d17      1%          4
 Fulminant Prism          Conj/Hex       55%        3d25      1%          4
 Hailstorm                Conj/Ice       100%       3d20      1%          4
 Ice Form                 Ice/Tmut       100%       N/A       1%          4
 Iskenderun's Mystic Bla  Conj/Tloc      100%       2d19      1%          4
 Olgreb's Toxic Radiance  Pois           100%       N/A       1%          4
 Petrify                  Tmut/Erth      100%       N/A       1%          4
 Agony                    Necr           100%       N/A       1%          5
 Blade Hands              Tmut           55%        N/A       1%          5
 Excruciating Wounds      Necr           55%        N/A       1%          5
 Freezing Cloud           Conj/Ice/Air   55%        6-21      1%          5
 Iskenderun's Battlesphe  Conj           100%       2d15      1%          5
 Lightning Bolt           Conj/Air       55%        1d77      1%          5
 Metabolic Englaciation   Hex/Ice        55%        N/A       1%          5
 Eringya's Noxious Bog    Tmut/Pois      55%        N/A       1%          6
 Iron Shot                Conj/Erth      55%        9d10      1%          6
 Simulacrum               Ice/Necr       55%        N/A       1%          6
 Statue Form              Tmut/Erth      73%        N/A       1%          6
 Dragon Form              Tmut           55%        N/A       1%          7
 Malign Gateway           Summ/Tloc      55%        N/A       1%          7
 Orb of Destruction       Conj           55%        9d14      1%          7
 Ozocubu's Refrigeration  Ice            55%        4d16      1%          7
 Spellforged Servitor     Conj/Summ      55%        N/A       1%          7
 Storm Form               Tmut/Air       55%        N/A       1%          7
 Borgnjor's Revivificati  Necr           55%        N/A       16%         8
 Discord                  Hex            55%        N/A       16%         8
 Disjunction              Tloc           55%        N/A       16%         8
 Ignition                 Fire           55%        3d15      16%         8
 Lehudib's Crystal Spear  Conj/Erth      55%        10d13     16%         8
 Maxwell's Capacitive Co  Air            55%        ∞         16%         8
 Necromutation            Tmut/Necr      55%        N/A       16%         8
 Summon Horrible Things   Summ           55%        N/A       16%         8
 Death's Door             Necr           55%        N/A       93%         9
 Dragon's Call            Summ           55%        N/A       93%         9


Dungeon Overview and Level Annotations

Branches:
Dungeon (15/15)            Temple (1/1) D:6            Lair (6/6) D:9
  Swamp (4/4) Lair:4        Snake (4/4) Lair:2        Slime (5/5) Lair:5
    Orc (2/2) D:12            Elf (3/3) Orc:2        Vaults (4/5) D:13
  Crypt (0/3) Vaults:3     Depths (4/4) D:15            Zot (5/5) Depths:4
  Sewer (visited)          Bailey (visited)           IceCv (visited)
Volcano (visited)         Gauntlet (visited)

Altars:
Ashenzari
Cheibriados
Dithmenos
Elyvilon
Fedhas
Gozag
Hepliaklqana
Kikubaaqudgha
Makhleb
Nemelex Xobeh
Okawaru
Qazlal
Ru
Sif Muna
Trog
Uskayaw
Vehumet
Wu Jian
Xom
Yredelemnul
Zin
The Shining One
Beogh
Jiyva

Shops:
D:2 [   D:10 [   Orc:2 *([*=   Elf:3 *   Snake:1 (*[[*   Snake:3 *=:
Vaults:2 =   Depths:3 =:==

Portals:
Hell: Depths:1 Depths:2 Depths:3 Depths:4
Abyss: Depths:2 Depths:3 Depths:4
Pandemonium: Depths:2 Depths:3
Ziggurat: Depths:2

Annotations:
Zot:1 2 transporters, Gikacato's ghost, master TrAr; Odghynix's ghost, master TrAr


Innate Abilities, Weirdness & Mutations

You have very sharp teeth.
Your uncanny sense of smell can sniff out nearby items.
Your experience applies equally to all skills.
You have a pair of small horns on your head.
You are partially covered in iridescent scales. (AC +2)
You are partially covered in large bone plates. (SH +4)
You are dopey. (Int -2)


Message History

The arc blade stops crackling.
b - the +8 autumn katana (weapon)
{vorpal, manifold assault} You slash the Brimstone Fiend!
The Brimstone Fiend is lightly wounded.
You block the Brimstone Fiend's attack. x3
You slice the Brimstone Fiend!!
You headbutt the Brimstone Fiend, but do no damage.
The Brimstone Fiend is moderately wounded.
You closely miss the Brimstone Fiend. You headbutt the Brimstone Fiend.
You bite the Brimstone Fiend.
The Brimstone Fiend is moderately wounded.
The Brimstone Fiend falters for a moment.
You slice the Brimstone Fiend!!
The Brimstone Fiend is heavily wounded.
The Brimstone Fiend misses you. You block the Brimstone Fiend's attack.
The Brimstone Fiend closely misses you.
You slice the Brimstone Fiend!! You headbutt the Brimstone Fiend.
You bite the Brimstone Fiend, but do no damage.
The Brimstone Fiend is almost dead.
You barely miss the Brimstone Fiend.
You headbutt the Brimstone Fiend, but do no damage.
You bite the Brimstone Fiend, but do no damage.
The Brimstone Fiend is almost dead.
The Brimstone Fiend calls on the powers of darkness!
Your body is wracked with pain!
You slash the Brimstone Fiend!
You headbutt the Brimstone Fiend, but do no damage.
You bite the Brimstone Fiend, but do no damage.
The Brimstone Fiend is almost dead.
The Brimstone Fiend falters for a moment.
You hit the Brimstone Fiend but do no damage.
The Brimstone Fiend is almost dead.
The Brimstone Fiend falters for a moment.
You slash the Brimstone Fiend!
You kill the Brimstone Fiend!
Cheibriados appreciates the change of pace.
Your Spellcasting skill increases to level 19!
There is an open door here.
There is a staircase leading out of the dungeon here.
You have escaped!

...........# #.###.# #........
########+#.# #.# #(# #....####
...# #.#.#####.# #.# #....# ...#
#.#.......# #.# #....# ...#
#.#.####### #.####....####
...#####.### #....'....'...
......##.# #############....####
......'..# ##.......## ####.....
......######....@....#######.....
...####...................##...).
...# #...⌠....##'##....⌠...#####'
#### #........#...#........# #.
#........'8.8+........# #.
###########'###############.
#.####............
#...)..######..... ######.#
#.....


There were no monsters in sight!

Vanquished Creatures
  the Royal Jelly (Slime:5)
  2 dread liches (Zot:5)
  2 ancient liches (Zot:5)
  4 orbs of fire
  Mara (Depths:1)
  Sojobo (Depths:2)
  9 Killer Klowns
  Bai Suzhen (Snake:4)
  A shard shrike (Zot:1)
  Vashnia (Snake:4)
  Saint Roka (Orc:2)
  3 curse toes
  Frederick (Vaults:2)
  7 golden dragons
  Nikola (Vaults:3)
  A bone dragon (Depths:4)
  A Brimstone Fiend (D:1)
  4 electric golems
  Jorgrun (Elf:1)
  5 tentacled monstrosities
  Asterion (Depths:1)
  28 Orb Guardians
  A pandemonium lord (Depths:1)
  11 acid blobs
  5 liches
  2 deep elf master archers (Elf:3)
  3 deep elf blademasters
  4 quicksilver dragons
  6 sphinxes
  7 death cobs
  Donald (Snake:3)
  Gastronok (Lair:3)
  7 shadow dragons
  4 tengu reavers
  2 thorn hunters
  7 rockslimes (Slime:5)
  10 storm dragons
  Kirke (D:14)
  3 fire giants
  9 draconian monks
  7 nagarajas
  5 azure jellies
  3 deep elf sorcerers (Elf:3)
  2 iron dragons
  4 draconian scorchers
  2 balrugs
  12 vault wardens
  8 frost giants
  4 spectral caustic shrikes (Depths:1)
  4 orc warlords
  9 draconian knights
  Aizul (Snake:3)
  2 draconian stormcallers
  8 draconian shifters
  8 deep elf elementalists (Elf:3)
  6 reapers
  14 stone giants
  A caustic shrike skeleton (Depths:3)
  7 ironbound thunderhulks
  7 quicksilver oozes
  16 green draconians
  28 very ugly things
  5 war gargoyles
  20 ironbound preservers
  4 draconian annihilators
  8 vampire knights
  2 juggernaut skeletons
  5 eleionomae
  2 deep elf demonologists (Elf:3)
  Azrael (D:12)
  10 black draconians
  9 deep elf annihilators (Elf:3)
  9 yellow draconians
  14 dire elephants
  3 bunyips
  19 white draconians
  16 red draconians
  A minotaur (Gauntlet)
  5 spark wasps
  10 purple draconians
  3 ettins
  A blizzard demon (Gauntlet)
  6 deep elf death magi
  7 jiangshi
  Josephine (Lair:4)
  3 crystal guardians
  15 yaktaur captains
  7 fire dragons
  9 great orbs of eyes
  A merfolk impaler (Depths:1)
  2 deep elf high priests (Elf:3)
  2 salamander tyrants
  6 peacekeepers
  4 ice dragons
  A rakshasa (Depths:1)
  13 vault guards
  16 naga warriors
  A fenstrider witch zombie (Swamp:1)
  An ogre mage (D:13)
  4 boulder beetles
  8 ghost crabs
  A spriggan air mage (Depths:2)
  9 anacondas
  26 hydras
  2 catoblepae (Depths:1)
  11 ironbound frosthearts
  14 centaur warriors
  A jorogumo (shapeshifter) (Depths:4)
  3 two-headed ogres
  33 dancing weapons
  5 deep troll shamans
  3 tengu warriors
  5 death yaks (Lair:6)
  4 vampire magi
  A hell hog (Depths:2)
  9 alligators
  9 deep troll earth magi
  6 shock serpents
  A titan zombie (Depths:3)
  5 orc high priests
  10 spriggans
  33 deep elf knights
  5 naga sharpshooters
  5 soul eaters
  8 hell knights
  6 sun demons
  Amaemon (Lair:3)
  12 salamander mystics
  A fire crab (Gauntlet)
  A skeletal warrior (D:13)
  A sea snake (shapeshifter) (Depths:1)
  4 goliath frogs
  A storm dragon zombie (Depths:3)
  67 deep trolls
  5 iron trolls
  6 bog bodies
  4 golden dragon skeletons
  A flayed ghost (Depths:3)
  8 spriggan druids
  A shadow demon (D:15)
  A sphinx zombie (Depths:3)
  3 glowing orange brains
  14 swamp dragons
  2 tengu zombies
  An obsidian statue (Vaults:2)
  12 naga ritualists
  13 lindwurms
  5 harpies (Vaults:4)
  5 necromancers
  22 deep elf archers
  2 phantasmal warriors (Depths:2)
  6 wizards
  17 deep elf zephyrmancers
  18 ironbound convokers
  28 deep elf pyromancers
  2 manticores
  13 orc knights
  4 tengu skeletons
  48 ugly things
  3 shining eyes
  A wolf spider (D:15)
  A sphinx skeleton (Depths:2)
  5 cyclopes
  9 mana vipers
  7 orc sorcerers
  An elephant (shapeshifter) (Elf:1)
  A shadow dragon skeleton (Depths:3)
  2 human skeletons (Vaults:1)
  2 will-o-the-wisps
  25 moths of wrath
  20 salamanders
  A toenail golem (D:1)
  8 naga magi
  20 elephants
  3 apocalypse crabs (Swamp:2)
  2 ice statues (IceCv)
  A cane toad (shapeshifter) (D:13)
  37 black mambas
  18 vault sentinels
  4 guardian serpents
  2 rust devils (Depths:2)
  12 cane toads
  5 smoke demons
  3 eyes of devastation
  A hellion (D:10)
  Maggie (Lair:2)
  4 unseen horrors
  6 torpor snails (Lair:6)
  4 centaur skeletons (D:13)
  3 efreet
  A freezing wraith (Vaults:3)
  A gargoyle (D:13)
  A minotaur zombie (Gauntlet)
  2 orange demons
  7 rime drakes
  9 komodo dragons
  The ghost of kae the Firebug, a novice OpFE (D:4)
  4 tengu conjurers
  2 hellwings
  42 yaktaurs
  9 ice devils
  A merfolk (D:15)
  8 trolls
  A polar bear (Lair:5)
  14 tyrant leeches
  14 hornets
  59 slime creatures
  A polar bear (shapeshifter) (Elf:1)
  10 blink frogs
  A dream sheep (Bailey)
  A stone giant simulacrum (Vaults:1)
  A dream sheep (shapeshifter) (D:15)
  4 air elementals
  3 large abominations (Depths:3)
  A jumping spider (shapeshifter) (D:14)
  9 wraiths
  4 flying skulls (Depths:3)
  A shadow (D:11)
  A vampire (D:12)
  3 wyverns
  27 yaks
  12 water elementals
  8 basilisks
  5 golden eyes (Slime:5)
  7 fire bats
  6 fire elementals
  4 hogs (D:14)
  A neqoxec (Depths:2)
  7 chaos spawn
  A death yak simulacrum (IceCv)
  2 steam dragons
  18 swamp worms
  12 vampire mosquitoes
  9 wargs
  A harpy simulacrum (IceCv)
  42 nagas
  6 hell hounds
  A death drake simulacrum (Swamp:1)
  13 water moccasins
  9 swamp drakes
  A black bear (Lair:1)
  49 orc warriors
  2 sky beasts
  10 ogres
  2 ice beasts
  5 small abominations
  15 wolves
  23 centaurs
  A phantom (D:4)
  14 bullfrogs
  3 two-headed ogre simulacra (IceCv)
  11 earth elementals
  3 scorpions
  A cane toad simulacrum (IceCv)
  3 wights (D:9)
  3 elephant simulacra (IceCv)
  8 killer bees
  7 electric eels
  2 howler monkeys
  A lava snake (Snake:3)
  4 hounds
  4 jellies
  18 orc priests
  A gnoll shaman (D:9)
  6 iguanas
  28 orc wizards
  3 spriggan simulacra
  3 troll simulacra (IceCv)
  4 hell rats (Lair:2)
  A polar bear simulacrum (IceCv)
  A wolf simulacrum (IceCv)
  A mummy (D:7)
  10 gnolls
  A naga simulacrum (IceCv)
  5 river rats
  3 adders
  5 white imps
  3 ufetubi
  5 worms
  2 dart slugs
  112 orcs
  8 endoplasms
  8 giant cockroaches
  11 goblins
  6 hobgoblins
  6 jackals
  4 quokkas
  14 ball pythons
  A bat (D:2)
  7 frilled lizards
  8 kobolds
  11 rats
2204 creatures vanquished.

Vanquished Creatures (collateral kills)
  A vault warden (Vaults:3)
  An orc warlord (Orc:2)
  An orc high priest (Orc:2)
  A hell knight (Depths:4)
  An orc knight (Vaults:1)
  A necromancer (Depths:4)
  2 salamanders
  A naga (Snake:4)
  2 orc warriors (Orc:2)
11 creatures vanquished.

Vanquished Creatures (others)
  A draconian knight (Zot:2)
  A fire giant (Depths:4)
  A deep elf elementalist (Elf:3)
  A deep elf knight (Elf:3)
  2 deep elf pyromancers (Elf:1)
  A necromancer (Swamp:1)
  A moth of wrath (Zot:2)
  An efreet (D:15)
  2 bloated husks
  A dancing weapon (Volcano)
  A swamp drake (Swamp:4)
  An orc (Orc:1)
  4 demonic plants (Gauntlet)
  2 foxfires (Swamp:3)
  20 fulminant prisms
  10 fungi
  72 plants
122 creatures vanquished.

Grand Total: 2337 creatures vanquished

Notes
Turn   | Place    | Note
-------+----------+-------------------------------------------
     0 | D:1      | Charly the Gnoll Wanderer began the quest for the Orb.
     0 | D:1      | Charly set off with the following items: a +0 dagger, 12
                  | poisoned darts, a scroll of teleportation, a potion of
                  | lignification, a +0 robe; and the following spell
                  | memorised: Slow; and the following spells available to
                  | memorise: Static Discharge, Spider Form, Teleport Other
     0 | D:1      | Reached XP level 1. HP: 23/23 MP: 6/6
   131 | D:1      | Reached XP level 2. HP: 29/29 MP: 7/7
   509 | D:1      | Reached XP level 3. HP: 35/35 MP: 9/9
   539 | D:1      | Reached skill level 5 in Spellcasting
   982 | D:1      | Reached skill level 1 in Invocations
  1362 | D:2      | Reached skill level 1 in Short Blades
  1362 | D:2      | Reached skill level 1 in Long Blades
  1362 | D:2      | Reached skill level 1 in Axes
  1362 | D:2      | Reached skill level 1 in Maces & Flails
  1362 | D:2      | Reached skill level 1 in Polearms
  1362 | D:2      | Reached skill level 1 in Staves
  1362 | D:2      | Reached skill level 1 in Slings
  1362 | D:2      | Reached skill level 1 in Bows
  1362 | D:2      | Reached skill level 1 in Crossbows
  1362 | D:2      | Reached skill level 1 in Dodging
  1362 | D:2      | Reached skill level 1 in Stealth
  1362 | D:2      | Reached skill level 1 in Shields
  1362 | D:2      | Reached skill level 1 in Unarmed Combat
  1362 | D:2      | Reached skill level 1 in Evocations
  1740 | D:2      | Reached XP level 4. HP: 41/41 MP: 11/11
  1787 | D:2      | Found Dydysm's Antique Armour Shop.
  2005 | D:2      | Bought an embroidered robe for 99 gold pieces
  2295 | D:3      | Found a faded altar of an unknown god.
  2960 | D:3      | Reached skill level 1 in Conjurations
  2960 | D:3      | Reached skill level 1 in Hexes
  2960 | D:3      | Reached skill level 1 in Summonings
  2960 | D:3      | Reached skill level 1 in Necromancy
  2960 | D:3      | Reached skill level 1 in Translocations
  2960 | D:3      | Reached skill level 1 in Transmutations
  2960 | D:3      | Reached skill level 1 in Fire Magic
  2960 | D:3      | Reached skill level 1 in Ice Magic
  2960 | D:3      | Reached skill level 1 in Air Magic
  2960 | D:3      | Reached skill level 1 in Earth Magic
  2960 | D:3      | Reached skill level 1 in Poison Magic
  3256 | D:3      | Reached XP level 5. HP: 25/47 MP: 12/12
  3546 | D:3      | Found a radiant altar of Vehumet.
  3553 | D:3      | Noticed a sky beast
  3825 | D:3      | Learned a level 2 spell: Static Discharge
  4255 | D:3      | Found a radiant altar of Vehumet.
  4295 | D:3      | Killed a sky beast
  4296 | D:3      | Reached XP level 6. HP: 26/53 MP: 14/14
  4652 | D:3      | Learned a level 3 spell: Dazzling Flash
  4860 | D:4      | Reached skill level 5 in Throwing
  4860 | D:4      | Reached skill level 5 in Armour
  4860 | D:4      | Reached skill level 2 in Stealth
  5019 | D:4      | You fall into a shaft and drop 1 floor!
  5019 | D:5      | Entered Level 5 of the Dungeon
  5174 | D:4      | Found a runed translucent gate.
  5174 | D:4      | Found a runed translucent gate.
  5174 | D:4      | Found a runed translucent gate.
  5180 | D:4      | Noticed kae's ghost (novice OpFE)
  5228 | D:4      | Found a sacrificial altar of Ru.
  5302 | D:4      | Learned a level 2 spell: Searing Ray
  5355 | D:4      | Reached XP level 7. HP: 60/60 MP: 8/15
  5956 | D:5      | Found a stormy altar of Qazlal.
  6456 | D:5      | Reached XP level 8. HP: 57/67 MP: 12/16
  6864 | D:5      | Reached skill level 3 in Stealth
  7512 | D:4      | Killed kae's ghost
  7738 | D:6      | Found a staircase to the Ecumenical Temple.
  7742 | Temple   | Entered the Ecumenical Temple
  7959 | D:6      | Found a glowing drain.
  7975 | Sewer    | Entered a sewer
  8941 | D:6      | Found an ancient bone altar of Kikubaaqudgha.
  8954 | D:6      | Reached XP level 9. HP: 72/72 MP: 18/18
  9236 | D:7      | Found a snail-covered altar of Cheibriados.
  9248 | D:7      | Became a worshipper of Cheibriados the Contemplative
  9305 | D:7      | Found a flagged portal.
  9315 | Bailey   | Entered a bailey
  9679 | Bailey   | Reached skill level 4 in Stealth
  9687 | Bailey   | Reached * piety under Cheibriados
  9837 | Bailey   | Reached skill level 5 in Short Blades
  9837 | Bailey   | Reached skill level 5 in Long Blades
  9837 | Bailey   | Reached skill level 5 in Axes
  9837 | Bailey   | Reached skill level 5 in Maces & Flails
  9837 | Bailey   | Reached skill level 5 in Polearms
  9837 | Bailey   | Reached skill level 5 in Staves
  9837 | Bailey   | Reached skill level 5 in Slings
  9837 | Bailey   | Reached skill level 5 in Bows
  9837 | Bailey   | Reached skill level 5 in Crossbows
  9837 | Bailey   | Reached skill level 5 in Dodging
  9837 | Bailey   | Reached skill level 5 in Stealth
  9837 | Bailey   | Reached skill level 5 in Shields
  9837 | Bailey   | Reached skill level 5 in Unarmed Combat
  9837 | Bailey   | Reached skill level 5 in Evocations
  9837 | Bailey   | Reached XP level 10. HP: 82/82 MP: 18/21
  9843 | Bailey   | Learned a level 4 spell: Fulminant Prism
  9858 | Bailey   | Noticed an orc knight
 10092 | Bailey   | Killed an orc knight
 10093 | Bailey   | Reached skill level 6 in Stealth
 10108 | Bailey   | Noticed an orc knight
 10129 | Bailey   | Reached skill level 5 in Conjurations
 10129 | Bailey   | Reached skill level 5 in Hexes
 10129 | Bailey   | Reached skill level 5 in Summonings
 10129 | Bailey   | Reached skill level 5 in Necromancy
 10129 | Bailey   | Reached skill level 5 in Translocations
 10129 | Bailey   | Reached skill level 5 in Transmutations
 10129 | Bailey   | Reached skill level 5 in Fire Magic
 10129 | Bailey   | Reached skill level 5 in Ice Magic
 10129 | Bailey   | Reached skill level 5 in Air Magic
 10129 | Bailey   | Reached skill level 5 in Earth Magic
 10129 | Bailey   | Reached skill level 5 in Poison Magic
 10196 | Bailey   | an orc knight changed into a dream sheep
 11191 | D:7      | Reached ** piety under Cheibriados
 11555 | D:8      | Learned a level 3 spell: Conjure Flame
 11762 | D:8      | Found a basalt altar of Yredelemnul.
 11925 | D:8      | Found a white marble altar of Elyvilon.
 12183 | D:8      | Found a sparkling altar of Nemelex Xobeh.
 12183 | D:8      | Found a bloodstained altar of Trog.
 12546 | D:9      | Found a staircase to the Lair.
 12559 | D:9      | Found a hazy altar of Hepliaklqana.
 12824 | D:9      | Reached XP level 11. HP: 87/89 MP: 18/23
 13100 | D:9      | Noticed a tengu warrior
 13137 | D:9      | Killed a tengu warrior
 13411 | D:9      | Found the +7 Kryia's mail coat {PotionHeal*2 rC+}
 13626 | D:9      | Learned a level 3 spell: Lesser Beckoning
 13871 | D:10     | Entered Level 10 of the Dungeon
 14005 | D:10     | Reached *** piety under Cheibriados
 14447 | D:10     | Learned a level 3 spell: Tukima's Dance
 14699 | D:10     | Found a snail-covered altar of Cheibriados.
 14699 | D:10     | Found Cheibriados's Comfort Zone.
 14856 | Lair:1   | Entered Level 1 of the Lair of Beasts
 14913 | Lair:1   | Found a frozen archway.
 14922 | IceCv    | Entered an ice cave
 14978 | IceCv    | Learned a level 4 spell: Flame Wave
 15371 | IceCv    | Noticed a white ugly thing
 15387 | IceCv    | Killed a white ugly thing
 15580 | IceCv    | Noticed a reaper
 15588 | IceCv    | Reached **** piety under Cheibriados
 15589 | IceCv    | Reached skill level 7 in Stealth
 15889 | IceCv    | Killed a reaper
 15892 | IceCv    | Reached XP level 12. HP: 97/97 MP: 1/24
 16160 | IceCv    | Found the +8 arc blade {discharge, rElec}
 16281 | Lair:1   | Identified the +5 scale mail of Etinaets {Regen+ Int+3
                  | Dex+3}
 16293 | Lair:1   | Learned a level 2 spell: Wereblood
 17137 | Lair:2   | Noticed a five-headed hydra
 17141 | Lair:2   | Noticed Maggie
 17143 | Lair:2   | Killed a five-headed hydra
 17144 | Lair:2   | Reached skill level 10 in Fighting
 17152 | Lair:2   | Killed Maggie
 17621 | Lair:2   | Found a staircase to the Snake Pit.
 17873 | Lair:2   | Noticed a boulder beetle
 17877 | Lair:2   | Reached ***** piety under Cheibriados
 17887 | Lair:2   | Killed a boulder beetle
 17893 | Lair:2   | Identified the +5 great mace of Urgency {venom, Dex+2}
 17895 | Lair:2   | Identified the ring "Lerirr" {rPois Will+ AC+4}
 18055 | Lair:3   | Noticed Amaemon
 18065 | Lair:3   | Killed Amaemon
 18109 | Lair:3   | Noticed Gastronok
 18249 | Lair:3   | Killed Gastronok
 18653 | Lair:3   | Reached skill level 8 in Stealth
 18808 | Lair:3   | Reached XP level 13. HP: 99/104 MP: 26/26
 19132 | Lair:4   | Noticed Josephine
 19153 | Lair:4   | Killed Josephine
 19272 | Lair:4   | Found a staircase to the Swamp.
 19319 | Lair:4   | Learned a level 2 spell: Passwall
 19995 | Lair:5   | Found a staircase to the Slime Pits.
 20074 | Lair:5   | Found a dark tunnel.
 20093 | Volcano  | Entered a volcano
 20138 | Volcano  | Reached skill level 10 in Spellcasting
 20312 | Lair:5   | Identified the +0 ring mail "Voehiw" {rN+ Int+4}
 20579 | Lair:5   | Reached ****** piety under Cheibriados
 20581 | Lair:5   | Reached skill level 10 in Throwing
 20581 | Lair:5   | Reached skill level 10 in Armour
 21218 | Lair:6   | Entered Level 6 of the Lair of Beasts
 21292 | Lair:6   | Reached XP level 14. HP: 113/113 MP: 28/28
 21298 | Lair:6   | Reached skill level 9 in Stealth
 21525 | Lair:6   | Reached skill level 10 in Invocations
 21956 | Lair:6   | Found a runed translucent door.
 22378 | Lair:6   | Learned a level 5 spell: Silence
 23073 | D:11     | Identified a scroll of acquirement
 23074 | D:11     | Acquired 959 gold pieces
 23398 | D:12     | Found a gate leading to a gauntlet.
 23419 | Gauntlet | Entered a Gauntlet
 23419 | Gauntlet | Found a transporter.
 23419 | Gauntlet | Found a transporter.
 23419 | Gauntlet | Found a transporter.
 23423 | Gauntlet | Found a transporter.
 23423 | Gauntlet | Found a transporter.
 23425 | Gauntlet | Found a large runed translucent door.
 23426 | Gauntlet | Found a large runed translucent door.
 23427 | Gauntlet | Found a large runed translucent door.
 23427 | Gauntlet | Found a large runed translucent door.
 23427 | Gauntlet | Found a runed translucent door.
 23427 | Gauntlet | Found a runed translucent door.
 23428 | Gauntlet | Found a large runed translucent door.
 23428 | Gauntlet | Found a large runed translucent door.
 23428 | Gauntlet | Found a large runed translucent door.
 23428 | Gauntlet | Found a large runed translucent door.
 23429 | Gauntlet | Found a large runed translucent door.
 23429 | Gauntlet | Found a large runed translucent door.
 23430 | Gauntlet | Found a large runed translucent door.
 23430 | Gauntlet | Found a large runed translucent door.
 23431 | Gauntlet | Found a runed translucent gate.
 23431 | Gauntlet | Found a runed translucent gate.
 23431 | Gauntlet | Found a runed translucent gate.
 23433 | Gauntlet | Found a transporter.
 23444 | Gauntlet | Found a large runed translucent door.
 23445 | Gauntlet | Found a large runed translucent door.
 23454 | Gauntlet | Found a large runed translucent door.
 23454 | Gauntlet | Found a large runed translucent door.
 23500 | Gauntlet | Found a transporter.
 23510 | Gauntlet | Found a transporter.
 23525 | Gauntlet | Found a transporter.
 23535 | Gauntlet | Found a transporter.
 23550 | Gauntlet | Found a transporter.
 23556 | Gauntlet | Found a transporter.
 23644 | Gauntlet | Identified the ring of the Middle {Int+6 Stlth+}
 23742 | Gauntlet | Reached XP level 15. HP: 113/120 MP: 24/30
 23755 | Gauntlet | Got the Disquisition on Venomous Conjuration
 23962 | D:12     | Found a staircase to the Orcish Mines.
 23977 | D:12     | Noticed Azrael
 23982 | D:12     | Killed Azrael
 24087 | D:12     | Found a sparkling altar of Nemelex Xobeh.
 24451 | D:13     | Reached skill level 10 in Short Blades
 24451 | D:13     | Reached skill level 10 in Long Blades
 24451 | D:13     | Reached skill level 10 in Axes
 24451 | D:13     | Reached skill level 10 in Maces & Flails
 24451 | D:13     | Reached skill level 10 in Polearms
 24451 | D:13     | Reached skill level 10 in Staves
 24451 | D:13     | Reached skill level 10 in Slings
 24451 | D:13     | Reached skill level 10 in Bows
 24451 | D:13     | Reached skill level 10 in Crossbows
 24451 | D:13     | Reached skill level 10 in Dodging
 24451 | D:13     | Reached skill level 10 in Stealth
 24451 | D:13     | Reached skill level 10 in Shields
 24451 | D:13     | Reached skill level 10 in Unarmed Combat
 24451 | D:13     | Reached skill level 10 in Evocations
 24784 | D:13     | Noticed a tengu reaver
 24820 | D:13     | Killed a tengu reaver
 25042 | D:13     | Found a gate to the Vaults.
 25408 | D:14     | Noticed Kirke
 25426 | D:14     | Killed Kirke
 25601 | D:14     | Identified the +7 shortbow of Summer {flame, rC- Dex+6
                  | SInv}
 25990 | D:15     | Entered Level 15 of the Dungeon
 26215 | D:15     | Found a staircase to the Depths.
 26223 | D:15     | Reached XP level 16. HP: 128/129 MP: 21/31
 26887 | Orc:1    | Entered Level 1 of the Orcish Mines
 27392 | Orc:1    | Found a bloodstained altar of Trog.
 27558 | Orc:2    | Entered Level 2 of the Orcish Mines
 27567 | Orc:2    | Found Xuipuoff's General Store.
 27672 | Orc:2    | Reached skill level 11 in Stealth
 27961 | Orc:2    | Found Ysyng's Antique Armour Shop.
 27962 | Orc:2    | Found Moisykul's Antique Weapon Boutique.
 27964 | Orc:2    | Found Ydwi Dan's General Store.
 27964 | Orc:2    | Found Laanestr Jown's Jewellery Shop.
 28091 | Orc:2    | Noticed Saint Roka
 28101 | Orc:2    | Killed Saint Roka
 28417 | Orc:2    | Bought a potion of might for 52 gold pieces
 28417 | Orc:2    | Bought a potion of magic for 104 gold pieces
 28417 | Orc:2    | Bought a throwing net for 39 gold pieces
 28417 | Orc:2    | Bought a scroll of fear for 45 gold pieces
 28417 | Orc:2    | Bought a wand of acid (3) for 182 gold pieces
 28450 | Orc:2    | Bought a scroll of immolation for 49 gold pieces
 28458 | Orc:2    | Bought a glowing cloak for 232 gold pieces
 28469 | Orc:2    | Bought a bloodstained leather armour for 217 gold pieces
 28469 | Orc:2    | Identified the +0 leather armour of Wunol {rF+ Int+2
                  | Stlth+} (You bought it in a shop on level 2 of the Orcish
                  | Mines)
 28733 | Snake:1  | Entered Level 1 of the Snake Pit
 28803 | Lair:2   | Learned a level 5 spell: Freezing Cloud
 28809 | Lair:2   | Learned a level 5 spell: Lightning Bolt
 28995 | Snake:1  | Found Barup's Overcharged Wands.
 29136 | Snake:1  | Found Nalu's General Store.
 29139 | Snake:1  | Found Eroro's Antique Armour Shoppe.
 29139 | Snake:1  | Found Paumin's Antique Weapon Emporium.
 29144 | Snake:1  | Bought a scroll of blinking for 105 gold pieces
 29144 | Snake:1  | Bought a scroll of teleportation for 42 gold pieces
 29144 | Snake:1  | Bought a scroll of teleportation for 42 gold pieces
 29144 | Snake:1  | Found Wopoyl's Armour Shoppe.
 29156 | Snake:1  | Bought a +2 pair of gloves for 231 gold pieces
 29164 | Snake:1  | Bought an ancient ring mail for 270 gold pieces
 29164 | Snake:1  | Identified the +3 ring mail "Poizud" {rN+} (You bought it
                  | in a shop on level 1 of the Snake Pit)
 29270 | Snake:1  | Noticed a nagaraja
 29272 | Snake:1  | Killed a nagaraja
 30782 | Snake:2  | Reached XP level 17. HP: 136/136 MP: 28/33
 31284 | Snake:2  | Found a hazy altar of Hepliaklqana.
 31571 | Snake:3  | Noticed Donald
 31582 | Snake:3  | Killed Donald
 31915 | Snake:3  | Found Huododgh's Book Boutique.
 32104 | Snake:3  | Found Ynufuc's Jewellery Shoppe.
 32156 | Snake:3  | Bought the amulet of Vitality {Regen+ HP+15} for 1422 gold
                  | pieces
 32156 | Snake:3  | Found the amulet of Vitality {Regen+ HP+15}
 32255 | Snake:3  | Noticed Aizul
 32279 | Snake:3  | Killed Aizul
 32310 | Snake:3  | Found Foxoivvi's Assorted Antiques.
 32487 | Snake:4  | Entered Level 4 of the Snake Pit
 32492 | Snake:4  | Reached skill level 10 in Conjurations
 32492 | Snake:4  | Reached skill level 10 in Hexes
 32492 | Snake:4  | Reached skill level 10 in Summonings
 32492 | Snake:4  | Reached skill level 10 in Necromancy
 32492 | Snake:4  | Reached skill level 10 in Translocations
 32492 | Snake:4  | Reached skill level 10 in Transmutations
 32492 | Snake:4  | Reached skill level 10 in Fire Magic
 32492 | Snake:4  | Reached skill level 10 in Ice Magic
 32492 | Snake:4  | Reached skill level 10 in Air Magic
 32492 | Snake:4  | Reached skill level 10 in Earth Magic
 32492 | Snake:4  | Reached skill level 10 in Poison Magic
 32773 | Snake:4  | Noticed Bai Suzhen
 32808 | Snake:4  | Killed Bai Suzhen
 32809 | Snake:4  | Reached skill level 12 in Stealth
 33367 | Snake:4  | Reached XP level 18. HP: 116/145 MP: 30/35
 33543 | Snake:4  | Noticed Vashnia
 33554 | Snake:4  | Killed Vashnia
 33872 | Snake:4  | Got a serpentine rune of Zot
 34513 | Swamp:1  | Entered Level 1 of the Swamp
 35440 | Swamp:2  | Found a runed translucent door.
 35854 | Swamp:2  | Identified the +1 robe "Duzxion" {rPois Archmagi}
 36423 | Snake:3  | Bought the ring "Bezil" {rPois rC+ EV+4 Dex+4} for 1126
                  | gold pieces
 36858 | Swamp:3  | Reached XP level 19. HP: 152/152 MP: 33/36
 37176 | Swamp:4  | Entered Level 4 of the Swamp
 37356 | Swamp:4  | Found a basalt altar of Yredelemnul.
 37672 | Swamp:4  | Reached skill level 13 in Stealth
 37922 | Swamp:4  | Got a decaying rune of Zot
 38539 | Orc:2    | Found a staircase to the Elven Halls.
 38698 | Elf:1    | Entered Level 1 of the Elven Halls
 38763 | Elf:1    | Found an ancient bone altar of Kikubaaqudgha.
 38974 | Elf:1    | Identified the +2 cloak "Ehavitee" {rC+}
 38989 | Elf:1    | Noticed Jorgrun
 38990 | Elf:1    | Killed Jorgrun
 39328 | Elf:1    | Paralysed by an air elemental for 1 turns
 39343 | Elf:1    | Paralysed by an air elemental for 1 turns
 39351 | Elf:1    | Paralysed by an air elemental for 1 turns
 39361 | Elf:1    | Paralysed by an air elemental for 1 turns
 40425 | Elf:2    | Found a runed translucent gate.
 40426 | Elf:2    | Found a runed translucent gate.
 40445 | Elf:2    | Reached XP level 20. HP: 161/161 MP: 38/38
 40479 | Elf:2    | Found a runed translucent gate.
 40656 | Elf:2    | Reached skill level 15 in Fighting
 40998 | Elf:3    | Entered Level 3 of the Elven Halls
 41016 | Elf:3    | Found Jyreiqe's General Store.
 41057 | Elf:3    | Bought a scroll of teleportation for 36 gold pieces
 41057 | Elf:3    | Bought a potion of curing for 36 gold pieces
 41057 | Elf:3    | Bought a scroll of fear for 42 gold pieces
 41195 | Elf:3    | Reached skill level 15 in Invocations
 41196 | Elf:3    | Noticed a Brimstone Fiend
 41371 | Elf:3    | Identified the +3 scale mail "Tytof" {Drain rElec rF+ rC+}
 41427 | Elf:3    | Got the Disquisition on Shifting Bewitchment
 41451 | Elf:3    | Got Boibli's Handbook of Darkness
 41457 | Elf:3    | Identified the +5 hand axe of Inflation {vorpal, Dex+4}
 41543 | Elf:3    | Reached skill level 14 in Stealth
 41995 | Elf:3    | Got the Incunabulum of Darkness and Dislocation
 42170 | Elf:3    | Learned a level 3 spell: Portal Projectile
 42175 | Elf:3    | Learned a level 4 spell: Cause Fear
 42180 | Elf:3    | Learned a level 4 spell: Animate Armour
 42187 | Elf:3    | Learned a level 5 spell: Summon Mana Viper
 42347 | Vaults:1 | Entered Level 1 of the Vaults
 42429 | Vaults:1 | Found a flickering gateway to a bazaar.
 42438 | Bazaar   | Entered a bazaar
 42442 | Bazaar   | Found Jezaqu Pusm's Antique Armour Shop.
 42451 | Bazaar   | Found Bavverr's Armour Emporium.
 42458 | Bazaar   | Found Pidujon's Antique Weapon Emporium.
 42474 | Bazaar   | Found Qoythropp's Magic Scroll Emporium.
 42482 | Bazaar   | Bought a scroll of amnesia for 38 gold pieces
 42482 | Bazaar   | Bought a scroll of magic mapping for 38 gold pieces
 42482 | Bazaar   | Bought a scroll of fog for 22 gold pieces
 42482 | Bazaar   | Bought a scroll of enchant weapon for 82 gold pieces
 42482 | Bazaar   | Bought a scroll of teleportation for 33 gold pieces
 42523 | Vaults:1 | Reached XP level 21. HP: 169/169 MP: 36/39
 42711 | Vaults:1 | Reached skill level 15 in Spellcasting
 43166 | Vaults:1 | Reached skill level 15 in Throwing
 43166 | Vaults:1 | Reached skill level 15 in Armour
 43623 | Vaults:2 | Found Xaesk's Jewellery Shop.
 43733 | Vaults:2 | Reached skill level 15 in Stealth
 44058 | Vaults:2 | Identified the +5 spear "Ukiblom" {vorpal, Fly rCorr Int+4}
 44232 | Vaults:2 | Noticed Frederick
 44247 | Vaults:2 | Killed Frederick
 44842 | Vaults:2 | Acquired the Volume of Arcane Weapons
 44851 | Vaults:2 | Learned a level 5 spell: Irradiate
 44999 | Vaults:2 | Acquired an Inescapable Atlas
 45004 | Vaults:2 | Learned a level 2 spell: Blink
 45060 | Vaults:2 | Learned a level 6 spell: Starburst
 45069 | Vaults:2 | Learned a level 5 spell: Manifold Assault
 45069 | Vaults:2 | Bought the ring "Peopsa" {*Slow rC+ rN+ Int+3 Dex+6} for
                  | 1393 gold pieces
 45130 | Vaults:3 | Reached XP level 22. HP: 178/178 MP: 16/41
 45448 | Vaults:3 | Found a staircase to the Crypt.
 45709 | Vaults:3 | Noticed Nikola
 45721 | Vaults:3 | Killed Nikola
 45968 | Vaults:3 | Reached skill level 15 in Short Blades
 45968 | Vaults:3 | Reached skill level 15 in Long Blades
 45968 | Vaults:3 | Reached skill level 15 in Axes
 45968 | Vaults:3 | Reached skill level 15 in Maces & Flails
 45968 | Vaults:3 | Reached skill level 15 in Polearms
 45968 | Vaults:3 | Reached skill level 15 in Staves
 45968 | Vaults:3 | Reached skill level 15 in Slings
 45968 | Vaults:3 | Reached skill level 15 in Bows
 45968 | Vaults:3 | Reached skill level 15 in Crossbows
 45968 | Vaults:3 | Reached skill level 15 in Dodging
 45968 | Vaults:3 | Reached skill level 15 in Shields
 45968 | Vaults:3 | Reached skill level 15 in Unarmed Combat
 45968 | Vaults:3 | Reached skill level 15 in Evocations
 46005 | Vaults:3 | Reached skill level 16 in Stealth
 47563 | Vaults:3 | Learned a level 7 spell: Enfeeble
 48891 | Vaults:4 | Reached XP level 23. HP: 186/186 MP: 35/43
 50148 | Slime:1  | Entered Level 1 of the Pits of Slime
 50169 | Slime:1  | Reached skill level 17 in Stealth
 50215 | Slime:3  | Gained mutation: Armour fits poorly on your strangely
                  | shaped body. [a shining eye]
 50394 | Slime:5  | Entered Level 5 of the Pits of Slime
 50635 | Slime:5  | Found a viscous altar of Jiyva.
 50636 | Slime:5  | Noticed the Royal Jelly
 50637 | Slime:5  | Found the +8 autumn katana {vorpal, manifold assault}
 50714 | Slime:5  | Killed the Royal Jelly
 50895 | Slime:5  | Identified the amulet of Venarymmu {RegenMP rN+ Int+4
                  | Slay+3}
 50916 | Slime:5  | Identified the +5 long sword of Dissent {vamp, *Noise
                  | Will++ Int+2 Dex+8}
 50978 | Slime:5  | Identified the +7 long sword of Echeonuran {vorpal, rPois
                  | rF+ MP+9 Int+3}
 50985 | Slime:5  | Got a slimy rune of Zot
 51020 | Slime:5  | Identified the +3 short sword of the Unliving {vorpal,
                  | rPois rF++ Dex+5}
 51370 | Lair:5   | Lost mutation: Armour fits poorly on your strangely shaped
                  | body. [potion of mutation]
 51370 | Lair:5   | Gained mutation: You are frail. (-10% HP) [potion of
                  | mutation]
 51370 | Lair:5   | Gained mutation: You sometimes lose the ability to read
                  | scrolls when taking damage. [potion of mutation]
 51370 | Lair:5   | Lost mutation: You sometimes lose the ability to read
                  | scrolls when taking damage. [potion of mutation]
 51371 | Lair:5   | Lost mutation: You are frail. (-10% HP) [potion of
                  | mutation]
 51371 | Lair:5   | Gained mutation: You have a pair of small antennae on your
                  | head. [potion of mutation]
 51371 | Lair:5   | Gained mutation: You are resistant to electric shocks.
                  | (rElec) [potion of mutation]
 51647 | Depths:1 | Entered Level 1 of the Depths
 51744 | Depths:1 | Found a gateway to Hell.
 52250 | Depths:1 | Noticed Mara
 52254 | Depths:1 | Killed Mara
 52446 | Depths:1 | Noticed Asterion
 52464 | Depths:1 | Killed Asterion
 53008 | Depths:1 | Reached XP level 24. HP: 162/195 MP: 43/43
 53157 | Depths:2 | Noticed Sojobo
 53160 | Depths:2 | Paralysed by an air elemental for 1 turns
 53164 | Depths:2 | Paralysed by an air elemental for 1 turns
 53190 | Depths:2 | Reached skill level 18 in Stealth
 53201 | Depths:2 | Killed Sojobo
 54318 | Depths:2 | Found a one-way gate leading to the halls of Pandemonium.
 54391 | Depths:2 | Found a one-way gateway to a ziggurat.
 54773 | Snake:1  | Bought a scroll of enchant armour for 105 gold pieces
 55259 | Depths:2 | Found an iron altar of Okawaru.
 55541 | Depths:2 | Identified the +0 helmet "Meokoj" {rC+}
 55542 | Depths:2 | Lost mutation: You are resistant to electric shocks.
                  | (rElec) [potion of mutation]
 55542 | Depths:2 | Lost mutation: You have a pair of small antennae on your
                  | head. [potion of mutation]
 55542 | Depths:2 | Gained mutation: You are frail. (-10% HP) [potion of
                  | mutation]
 55543 | Depths:2 | Lost mutation: You are frail. (-10% HP) [potion of
                  | mutation]
 55543 | Depths:2 | Gained mutation: You are dopey. (Int -2) [potion of
                  | mutation]
 55543 | Depths:2 | Gained mutation: You have a pair of small horns on your
                  | head. [potion of mutation]
 55543 | Depths:2 | Gained mutation: Your flesh is cold resistant. (rC+)
                  | [potion of mutation]
 55651 | Depths:2 | Found a one-way gate to the infinite horrors of the Abyss.
 56785 | Depths:3 | Found Nadghamy's Jewellery Boutique.
 56791 | Depths:3 | Bought the ring "Eroiw" {rF+ Will+ rCorr Int+5} for 966
                  | gold pieces
 57339 | Depths:3 | Learned a level 3 spell: Ignite Poison
 57453 | Depths:3 | Found Weffoe's Jewellery Boutique.
 57456 | Depths:3 | Found Byet's Book Shoppe.
 57457 | Depths:3 | Found Tuseys Xiont's Jewellery Boutique.
 57773 | Depths:3 | Reached skill level 19 in Stealth
 57843 | Depths:4 | Entered Level 4 of the Depths
 58029 | Depths:4 | Reached XP level 25. HP: 203/203 MP: 44/44
 58397 | Depths:4 | Found a shadowy altar of Dithmenos.
 58495 | Depths:4 | Found a gate to the Realm of Zot.
 59009 | Depths:4 | Learned a level 3 spell: Ozocubu's Armour
 59317 | Snake:1  | Bought a wand of digging (11) for 450 gold pieces
 59317 | Snake:1  | Bought a wand of charming (18) for 300 gold pieces
 59605 | Zot:1    | Entered Level 1 of the Realm of Zot
 59632 | Zot:1    | Noticed Odghynix's ghost (master TrAr)
 59633 | Zot:1    | Noticed an orb of fire
 59640 | Zot:1    | Found a transporter.
 59640 | Zot:1    | Noticed Gikacato's ghost (master TrAr)
 59932 | Zot:1    | Noticed a Killer Klown
 59932 | Zot:1    | Noticed a Killer Klown
 59953 | Zot:1    | Killed a Killer Klown
 59983 | Zot:1    | Killed a Killer Klown
 60353 | Zot:1    | Found a transporter.
 61045 | Zot:1    | Noticed a shard shrike
 61050 | Zot:1    | Killed a shard shrike
 61739 | Zot:2    | Reached skill level 20 in Stealth
 62026 | Zot:2    | Reached XP level 26. HP: 202/213 MP: 43/45
 62228 | Zot:2    | Identified the +4 spear of Equilibrium {elec, rCorr MP+9
                  | Str+4}
 63496 | Zot:3    | Reached skill level 15 in Conjurations
 63496 | Zot:3    | Reached skill level 15 in Hexes
 63496 | Zot:3    | Reached skill level 15 in Summonings
 63496 | Zot:3    | Reached skill level 15 in Necromancy
 63496 | Zot:3    | Reached skill level 15 in Translocations
 63496 | Zot:3    | Reached skill level 15 in Transmutations
 63496 | Zot:3    | Reached skill level 15 in Fire Magic
 63496 | Zot:3    | Reached skill level 15 in Ice Magic
 63496 | Zot:3    | Reached skill level 15 in Air Magic
 63496 | Zot:3    | Reached skill level 15 in Earth Magic
 63496 | Zot:3    | Reached skill level 15 in Poison Magic
 64286 | Zot:3    | Noticed an orb of fire
 64299 | Zot:3    | Killed an orb of fire
 64859 | Zot:4    | Noticed a Killer Klown
 64869 | Zot:4    | Killed a Killer Klown
 65481 | Zot:5    | Entered Level 5 of the Realm of Zot
 66456 | Zot:5    | Noticed an ancient lich
 66460 | Zot:5    | Noticed a Killer Klown
 66477 | Zot:5    | Noticed a Killer Klown
 66479 | Zot:5    | Noticed an orb of fire
 66480 | Zot:5    | Killed an ancient lich
 66481 | Zot:5    | Reached skill level 21 in Stealth
 66486 | Zot:5    | Gained mutation: You are very dopey. (Int -4) [an orb of
                  | fire]
 66490 | Zot:5    | Killed a Killer Klown
 66509 | Zot:5    | Killed an orb of fire
 66511 | Zot:5    | Noticed a Killer Klown
 66518 | Zot:5    | Noticed an orb of fire
 66526 | Zot:5    | Noticed a Killer Klown
 66526 | Zot:5    | Noticed an orb of fire
 66528 | Zot:5    | Killed a Killer Klown
 66530 | Zot:5    | Noticed a Killer Klown
 66538 | Zot:5    | Gained mutation: You are clumsy. (Dex -2) [an orb of fire]
 66543 | Zot:5    | Noticed a Killer Klown
 66543 | Zot:5    | Noticed a dread lich
 66915 | Zot:5    | Lost mutation: Your flesh is cold resistant. (rC+) [potion
                  | of mutation]
 66915 | Zot:5    | Lost mutation: You are clumsy. (Dex -2) [potion of
                  | mutation]
 66915 | Zot:5    | Lost mutation: You are very dopey. (Int -4) [potion of
                  | mutation]
 66915 | Zot:5    | Gained mutation: You are partially covered in large bone
                  | plates. (SH +4) [potion of mutation]
 66915 | Zot:5    | Gained mutation: You are partially covered in iridescent
                  | scales. (AC +2) [potion of mutation]
 66966 | Zot:5    | Killed a Killer Klown
 66967 | Zot:5    | Reached XP level 27. HP: 196/221 MP: 14/45
 67153 | Zot:5    | Killed a dread lich
 67182 | Zot:5    | Noticed an ancient lich
 67192 | Zot:5    | Killed an ancient lich
 67476 | Zot:5    | Killed an orb of fire
 67709 | Zot:5    | Killed an orb of fire
 67800 | Zot:5    | Noticed a dread lich
 67833 | Zot:5    | Killed a dread lich
 68020 | Zot:5    | Got the Orb of Zot
 68256 | Depths:1 | Noticed Heptego the pandemonium lord
 68261 | Depths:1 | Killed Heptego the pandemonium lord
 68624 | D:$      | Escaped with the Orb!

Illustrated notes

Levels and vault maps discovered:
D:1:      giann_wishing_wells, layout_basic
D:2:      layout_basic, serial_shops, shop_statue
D:3:      layout_rooms, vehumet_crystals, chequers_ecumenical_altar_island,
          grunt_decor_one_mirror, kennysheep_generic_room_6
D:4:      layout_rooms, nicolae_ru_path_of_blood, ebering_ghost_rock_garden
D:5:      layout_cave_pods, nicolae_qazlal_general_emergency, fountainhead,
          hangedman_decor_clover_reticule
D:6:      layout_loops_ring, old_standard_altar,
          minmay_temple_entry_proselytizer, gup_sewer_entry_pipe
D:7:      layout_basic, slow_altar_1, enter_bailey_3, enter_ossuary_5,
          st_stairs_9
D:8:      layout_basic, mainiacjoe_overflow_boulevard, lemuel_round_altar,
          jmf_multi_god_temple
D:9:      layout_grid_maze, kennysheep_little_box, lair_entry_dummy,
          bh_walls_and_bars
D:10:     layout_loops_corners, minmay_shop_chei, minmay_misc_feat_five
D:11:     layout_irregular_city, nicolae_twisting_strands
D:12:     layout_roguey, orc_0_dummy, gauntlet_entry_generic, roderic_lattice_a,
          nemelex_xobeh_ov_fountains_minmay, uniq_azrael
D:13:     layout_rooms, hangedman_vaults_entry_quadrant_bands,
          kennysheep_four_rooms
D:14:     layout_basic, nrook_pool_corridor, uniq_kirke
D:15:     hangedman_depths_entry_try_elsewhere_first, layout_small_grid,
          minmay_misc_feat_encased
Temple:   minmay_temple_bridge_abc
Lair:1:   layout_cave_pods, portal_ice_cave_entry_pillars_1,
          serial_bayou_pond_d, nicolae_quartered_pool_medium
Lair:2:   nzn_winding_woodlands_stair_trap [nzn_winding_woodlands_5x15_garden,
          nzn_winding_woodlands_5x15_crooked,
          nzn_winding_woodlands_5x15_longhouse,
          nzn_winding_woodlands_15x15_eel_pit, nzn_winding_woodlands_5x15_twine,
          nzn_winding_woodlands_5x15_zeroes,
          nzn_winding_woodlands_5x15_sidewinder], layout_regular_city,
          guppyfry_snake_entry_garden, uniq_maggie
Lair:3:   layout_regular_city, kennysheep_basilisk_garden,
          infiniplex_staircase_pool, grunt_megastairs_4, uniq_amaemon,
          uniq_gastronok
Lair:4:   layout_hall_layers, swamp_mist_pool, lemuel_fruit_tree,
          grunt_megastairs_2, serial_bayou_shore_a, serial_bayou_shore_b,
          uniq_josephine
Lair:5:   layout_cave_pods, nicolae_slime_entry_slimehenge,
          nicolae_volcano_entry_lava_flow
Lair:6:   wormcave, layout_big_grid, serial_bayou_lagoon_a
Swamp:1:  layout_basic_swamp, evilmike_swamp_ruin_house_1, swamp_pool1,
          grunt_hermit_hut
Swamp:2:  gammafunk_mikee_crab_dinner, layout_basic_swamp,
          evilmike_swamp_ruin_house_2, swamp_pool5, infiniplex_staircase_pool_2
Swamp:3:  layout_falls_marsh, serial_swamp_ruin, evilmike_swamp_ruin_rubble_2,
          evilmike_swamp_ruin_house_5
Swamp:4:  swamp_alternative, layout_basic_swamp, swamp_pool4, grunt_ruined_hall
Snake:1:  layout_layer_cave, nicolae_shop_overcharged_wands, grunt_megastairs_1,
          minmay_shoptagon
Snake:2:  layout_grid_maze, special_room, basic_altar, serial_bayou_shore_b,
          serial_bayou_shore_b
Snake:3:  layout_onion, serial_shops, nicolae_shop_stone, shop, shop_statue,
          nicolae_snake_salamander_fort, uniq_donald, uniq_aizul
Snake:4:  johnstein_snake_rune_scales, layout_onion_interference, drop_trap,
          uniq_bai_suzhen
Slime:1:  layout_caves
Slime:2:  cheibrodos_slime_lost_civilization_1, layout_caves, uniq_dissolution
Slime:3:  layout_caves
Slime:4:  layout_caves
Slime:5
Orc:1:    layout_diamond_mine, basic_altar, trog_butcher_becter
Orc:2:    st_orc_congregation, layout_caves, serial_shops, shop, uniq_saint_roka
Elf:1:    nicolae_elf_arrival_fired_up, layout_loops_cross, basic_altar,
          hangedman_corner_corridor, uniq_jorgrun
Elf:2:    nicolae_elf_blades_splatter_lattice
          [nicolae_vaults_blade_armed_guards], layout_geoelf_diagonals
Elf:3:    grunt_elf_hall_diamonds, layout_geoelf_grid, serial_shops,
          nicolae_square_shop, grunt_ministairs_1
Vaults:1: nicolae_vaults_ninety_degrees, v_misc_19, v_alt_pattern_2,
          vaults_room_grunt_arrival_checkpoint, ontoclasm_vaults_spin,
          hangedman_vaults_hat, v_pattern_4, vaults_mumra_bighexcomb, v_misc_17,
          layout_vaults_omnibox, serial_shops, bzr_in_the_mist
Vaults:2: vaults_standard_mumra_lines, ontoclasm_vaults_claustrophobia,
          v_alt_pattern_4, grunt_vaults_hallway_short,
          nicolae_vaults_statue_guard, hangedman_vaults_river_flow,
          nicolae_vaults_angled_halls, vaults_dpeg_encased_lava,
          vaults_room_door_ring, ontoclasm_vaults_bender,
          nicolae_vaults_mini_display_case, nicolae_vaults_little_ls,
          hangedman_vaults_pinch, nicolae_vaults_specimen_jars,
          nicolae_vaults_border_crossing, nicolae_vaults_rhombus_6,
          vaults_dpeg_hooks, layout_vaults_maze, serial_shops, shop,
          uniq_frederick
Vaults:3: vaults_mumra_hex, hangedman_vaults_corner,
          nicolae_vaults_stairing_the_circle, minmay_crypt_entry_simple_statues,
          v_rooms_5, nicolae_vaults_know_your_exits, v_pattern_5,
          nicolae_vaults_alarming, ontoclasm_vaults_loading_screen,
          nicolae_vaults_little_squares_3, nicolae_vaults_little_squares_6,
          layout_vaults_ring, uniq_nikola
Vaults:4: v_misc_4, v_rooms_2, ontoclasm_vaults_chip, v_misc_5, v_misc_22,
          hangedman_vaults_capsules, nicolae_vaults_yaktaur_gun_rack,
          vaults_room_grid, layout_vaults_quadrants
Depths:1: layout_gridlike, chequers_serial_rivers_room_b,
          pf_hell_entry_tar_river, nrook_campfire, hangedman_cracks_in_the_wall,
          uniq_asterion, uniq_mara
Depths:2: evilmike_iron_armoury, layout_gridville, enter_ziggurat_b,
          minmay_misc_feat_more_columns, hellmouth_2, grunt_pan_entry_spiral,
          abyss_entry_crystal, kennysheep_inner_square, serial_bayou_shore_b,
          infiniplex_staircase_trident, uniq_sojobo
Depths:3: hangedman_screamer, layout_basic, minmay_room_of_horrors,
          serial_shops, nicolae_diamond_shop, grunt_pan_entry_sceptre,
          ebering_dispersal_statue_hall, hell_entry, lightli_fourway_metalbox,
          infiniplex_staircase_river, minmay_shop_grove
Depths:4: grunt_crosshair, layout_basic, grunt_decor_resistance, hell_entry,
          abyss_entry, grunt_dithmenos_smoke
Zot:1:    grunt_zot_stairs_faceoff, layout_gridlike, nzn_ghost_randoct,
          hangedman_zot_spectrum
Zot:2:    layout_concentric_octagons
Zot:3:    layout_misc_corridors
Zot:4:    layout_cathedral_of_symmetry
Zot:5:    layout_gridlike, grunt_ministairs_3, bh_zot_ikea_curve

Skill      XL: |  1  2  3  4  5  6  7  8  9 10 11 12 13 14 15 16 17 18 19 20 21 22 23 24 25 26 27 |
---------------+----------------------------------------------------------------------------------+-----
Spellcasting   | 5 6 7 8 9 10 11 12 13 14 15 16 17 18 19 | 19.0
Invocations    | 1 2 3 4 6 7 8 9 10 11 12 13 14 15 16 17 18 19 | 19.9
Short Blades   | 1 2 3 5 6 7 8 9 10 11 12 13 14 15 16 17 18 | 18.4
Long Blades    | 1 2 3 5 6 7 8 9 10 11 12 13 14 15 16 17 18 | 18.4
Axes           | 1 2 3 5 6 7 8 9 10 11 12 13 14 15 16 17 18 | 18.4
Maces & Flails | 1 2 3 5 6 7 8 9 10 11 12 13 14 15 16 17 18 | 18.4
Polearms       | 1 2 3 5 6 7 8 9 10 11 12 13 14 15 16 17 18 | 18.4
Staves         | 1 2 3 5 6 7 8 9 10 11 12 13 14 15 16 17 18 19 | 19.1
Slings         | 1 2 3 5 6 7 8 9 10 11 12 13 14 15 16 17 18 | 18.4
Bows           | 1 2 3 5 6 7 8 9 10 11 12 13 14 15 16 17 18 | 18.4
Crossbows      | 1 2 3 5 6 7 8 9 10 11 12 13 14 15 16 17 18 | 18.4
Dodging        | 1 2 3 5 6 7 8 9 10 11 12 13 14 15 16 17 18 | 18.4
Stealth        | 1 2 3 5 6 7 8 9 10 11 12 13 14 15 16 17 19 20 21 | 21.7
Shields        | 1 2 3 5 6 7 8 9 10 11 12 13 14 15 16 17 18 | 18.4
Unarmed Combat | 1 2 3 5 6 7 8 9 10 11 12 13 14 15 16 17 18 | 18.4
Evocations     | 1 2 3 5 6 7 8 9 10 11 12 13 14 15 16 17 18 | 18.4
Conjurations   | 1 2 3 4 5 6 7 8 9 10 11 12 13 14 15 | 15.6
Hexes          | 1 2 3 4 5 6 7 8 9 10 11 12 13 14 15 | 15.6
Summonings     | 1 2 3 4 5 6 7 8 9 10 11 12 13 14 15 | 15.6
Necromancy     | 1 2 3 4 5 6 7 8 9 10 11 12 13 14 15 | 15.6
Translocations | 1 2 3 4 5 6 7 8 9 10 11 12 13 14 15 | 15.6
Transmutations | 1 2 3 4 5 6 7 8 9 10 11 12 13 14 15 | 15.6
Fire Magic     | 1 2 3 4 5 6 7 8 9 10 11 12 13 14 15 | 15.6
Ice Magic      | 1 2 3 4 5 6 7 8 9 10 11 12 13 14 15 | 15.6
Air Magic      | 1 2 3 4 5 6 7 8 9 10 11 12 13 14 15 | 15.6
Earth Magic    | 1 2 3 4 5 6 7 8 9 10 11 12 13 14 15 | 15.6
Poison Magic   | 1 2 3 4 5 6 7 8 9 10 11 12 13 14 15 | 15.6
Throwing       | 5 6 7 8 9 10 11 12 13 14 15 16 17 18 | 18.9
Armour         | 5 6 7 8 9 10 11 12 13 14 15 16 17 18 | 18.9
Fighting       | 7 8 9 10 11 12 13 14 15 16 17 18 19 | 19.3

Action                   |  1- 3 |  4- 6 |  7- 9 | 10-12 | 13-15 | 16-18 | 19-21 | 22-24 | 25-27 || total
-------------------------+-------+-------+-------+-------+-------+-------+-------+-------+-------++-------
Melee: Dagger            |    89 |   136 |    49 |     5 |       |       |       |       |       ||   279
       Bite              |     3 |    20 |     4 |    29 |   160 |   158 |   278 |   304 |   224 ||  1180
       Punch             |     1 |     4 |     1 |       |       |       |       |       |       ||     6
       Rapier            |       |       |       |   211 |   907 |  1111 |  1476 |   532 |   420 ||  4657
       Double sword      |       |       |       |       |       |       |    27 |   297 |       ||   324
       Katana            |       |       |       |       |       |       |       |   957 |   845 ||  1802
       Headbutt          |       |       |       |       |       |       |       |   131 |   413 ||   544
Throw: Dart              |    69 |    49 |    17 |    59 |       |       |       |       |       ||   194
       Boomerang         |       |    30 |     2 |    86 |       |       |       |       |       ||   118
       Throwing net      |       |       |       |       |       |       |       |     1 |     3 ||     4
 Cast: Slow              |       |    21 |       |       |       |       |       |       |       ||    21
       Static Discharge  |       |    20 |    95 |    60 |       |       |       |       |       ||   175
       Searing Ray       |       |     1 |    11 |    12 |       |       |       |       |       ||    24
       Dazzling Flash    |       |       |     3 |       |     2 |     2 |       |       |       ||     7
       Fulminant Prism   |       |       |       |    20 |       |       |       |       |       ||    20
       Flame Wave        |       |       |       |    23 |       |       |       |       |       ||    23
       Wereblood         |       |       |       |     2 |    42 |    10 |     4 |       |       ||    58
       Passwall          |       |       |       |       |    12 |     5 |       |       |       ||    17
       Tukima's Dance    |       |       |       |       |     5 |    15 |     6 |     1 |     4 ||    31
       Lesser Beckoning  |       |       |       |       |    15 |    52 |    47 |     2 |    12 ||   128
       Silence           |       |       |       |       |     2 |     4 |     7 |     1 |       ||    14
       Lightning Bolt    |       |       |       |       |       |    13 |       |       |       ||    13
       Freezing Cloud    |       |       |       |       |       |    21 |    11 |       |       ||    32
       Summon Mana Viper |       |       |       |       |       |       |     1 |     1 |       ||     2
       Animate Armour    |       |       |       |       |       |       |     1 |       |       ||     1
       Manifold Assault  |       |       |       |       |       |       |     5 |    83 |       ||    88
       Enfeeble          |       |       |       |       |       |       |       |    97 |   193 ||   290
       Irradiate         |       |       |       |       |       |       |       |       |     9 ||     9
       Ozocubu's Armour  |       |       |       |       |       |       |       |       |     1 ||     1
Invok: Slouch            |       |       |       |       |     8 |    12 |     2 |     8 |       ||    30
       Temporal Distorti |       |       |       |       |     3 |     1 |       |       |       ||     4
       Step From Time    |       |       |       |       |       |     2 |       |     1 |     4 ||     7
Evoke: Wand              |       |     3 |       |    23 |    10 |     7 |       |       |       ||    43
       Condenser vane    |       |       |       |       |       |     2 |     4 |     5 |     1 ||    12
       Box of beasts     |       |       |       |       |       |       |     1 |       |     1 ||     2
       Phantom mirror    |       |       |       |       |       |       |     1 |       |     1 ||     2
       Tin of tremorston |       |       |       |       |       |       |       |       |     2 ||     2
  Use: Scroll            |     2 |     5 |     3 |    19 |     6 |     6 |     9 |    14 |    18 ||    82
       Potion            |       |     1 |     2 |     2 |     2 |     4 |       |     8 |    16 ||    35
 Stab: Sleeping          |     2 |     1 |    11 |    11 |    17 |    36 |    44 |    45 |    22 ||   189
       Invisible         |       |       |     2 |       |       |     2 |       |    71 |   132 ||   207
       Distracted        |       |       |       |     1 |       |     3 |     6 |     4 |     6 ||    20
       Paralysed         |       |       |       |       |       |     1 |       |       |       ||     1
       Held in net/web   |       |       |       |       |       |       |       |     4 |     1 ||     5
Armor: Robe              |    22 |    33 |    22 |     5 |       |       |       |       |       ||    82
       Skin              |       |     1 |       |       |       |       |       |       |       ||     1
       Scale mail        |       |       |       |    82 |   291 |   291 |   251 |   222 |       ||  1137
       Ring mail         |       |       |       |       |    12 |       |       |       |       ||    12
       Fire dragon scale |       |       |       |       |       |       |       |   132 |   199 ||   331
Dodge: Dodged            |    29 |    68 |    96 |   135 |   479 |   493 |   715 |   942 |   685 ||  3642
Block: Kite shield       |       |       |       |   124 |   757 |   901 |  1089 |  1425 |   925 ||  5221
       Buckler           |       |       |       |     3 |       |       |       |       |       ||     3

Table legend: (Time is in decaauts)
 A = Elapsed time spent in this place.
 B = Non-inter-level travel time spent in this place.
 C = Inter-level travel time spent in this place.
 D = Time resting spent in this place.
 E = Time spent auto-exploring this place.
 F = Levels seen in this place.
 G = Mean time per level.
                   A        B        C        D        E       F      G
               +--------+--------+--------+--------+--------+-----+--------+
         Total |  99837 |  88385 |  11452 |   1372 |  67462 |  59 | 1692.2 |
       Dungeon |  24271 |  20001 |   4270 |    444 |  15797 |  15 | 1618.1 |
        Temple |    201 |    182 |     19 |      0 |    167 |   1 |  201.0 |
          Lair |  12392 |   9549 |   2843 |     52 |   7345 |   6 | 2065.3 |
         Swamp |   5842 |   5326 |    516 |     22 |   4005 |   4 | 1460.5 |
     Snake Pit |   9676 |   8734 |    942 |      2 |   7177 |   4 | 2419.0 |
    Slime Pits |   1519 |   1384 |    135 |    217 |    375 |   5 |  303.8 |
  Orcish Mines |   3058 |   2666 |    392 |      0 |   2075 |   2 | 1529.0 |
   Elven Halls |   5340 |   4988 |    352 |     26 |   3366 |   3 | 1780.0 |
        Vaults |  10858 |  10282 |    576 |      0 |   8208 |   4 | 2714.5 |
        Depths |  10127 |   9416 |    711 |      0 |   7327 |   4 | 2531.8 |
           Zot |  12223 |  11531 |    692 |    131 |   9342 |   5 | 2444.6 |
        Bazaar |    105 |    105 |      0 |      0 |     76 |   1 |  105.0 |
         Sewer |    658 |    658 |      0 |      0 |    508 |   1 |  658.0 |
        Bailey |   1146 |   1146 |      0 |    218 |    628 |   1 | 1146.0 |
      Ice Cave |   1560 |   1560 |      0 |    229 |    740 |   1 | 1560.0 |
       Volcano |    241 |    241 |      0 |      0 |      0 |   1 |  241.0 |
      Gauntlet |    612 |    612 |      0 |     29 |    322 |   1 |  612.0 |
               +--------+--------+--------+--------+--------+-----+--------+

Top non-repeatable levels by time:
   Zot:5: 3419 daAuts
Depths:2: 3351 daAuts
Vaults:4: 3290 daAuts
Vaults:3: 3277 daAuts
 Snake:1: 3076 daAuts
   Zot:1: 2833 daAuts
 Snake:4: 2803 daAuts
   Zot:2: 2667 daAuts
  Lair:2: 2579 daAuts
Depths:3: 2523 daAuts
     D:9: 2492 daAuts
Vaults:2: 2306 daAuts
Depths:1: 2305 daAuts
     D:3: 2190 daAuts
 Snake:2: 2162 daAuts
